 Dungeon Crawl Stone Soup version 0.30-a0-373-gd37427bb62 (webtiles) character file.

Game seed: 7286976455606564937

46 fozzywoppz the Trooper (level 3, -3/43 HPs)
             Began as a Demonspawn Monk on Nov 25, 2022.
             Slain by a gnoll
             ... wielding a +0 spear
              (6 damage)
             ... on level 2 of the Dungeon.
             The game lasted 00:02:14 (1106 turns).

fozzywoppz the Trooper (Demonspawn Monk)            Turns: 1106, Time: 00:02:14

Health: -3/43      AC:  4    Str: 11    XL:     3   Next: 46%
Magic:  3/3        EV: 13    Int: 13    God:
Gold:   92         SH:  0    Dex: 17    Spells: 2/2 levels left

rFire   . . .      SeeInvis .      - Unarmed
rCold   . . .      Faith    .    (no shield)
rNeg    . . .      Spirit   .    c - +0 leather armour
rPois   .          Reflect  .    d - +0 helmet
rElec   .          Harm     .    (no cloak)
rCorr   .          Rampage  .    (no gloves)
Will    .....                    (no boots)
Stlth   ..........               (no amulet)
HPRegen 0.27/turn                (no ring)
MPRegen 0.08/turn                (no ring)

@: berserking, very quick
A: big brain 1, weakness stinger 1
a: no special abilities


You were on level 2 of the Dungeon.
You visited 1 branch of the dungeon, and saw 2 of its levels.

You collected 92 gold pieces.

Inventory:

Armour
 a - a +0 robe
 c - a +0 leather armour (worn)
 d - a +0 helmet (worn)
Jewellery
 e - an amulet of the acrobat
Scrolls
 f - a scroll of immolation {unknown}
 i - a scroll of teleportation {unknown}
Potions
 g - a potion of curing {unknown}


   Skills:
 + Level 3.4 Fighting
 + Level 3.2 Dodging
 - Level 2.0 Stealth
 + Level 3.2 Unarmed Combat


You had 2 spell levels left.
You didn't know any spells.
Your spell library contained the following spells:

 Spells                   Type           Power      Damage    Failure   Level
 Sublimation of Blood     Necr           0%         N/A       52%         2
 Wereblood                Tmut           0%         N/A       52%         2
 Summon Hydra             Summ           0%         N/A       100%        7


Dungeon Overview and Level Annotations

Branches:
Dungeon (2/15)

Altars:


Innate Abilities, Weirdness & Mutations

You have an unusually large brain. (Int +2)
You have a small tail.


Message History

The ball python constricts you.
There is a stone staircase leading up, spattered with blood here.
You hit the ball python.
You kill the ball python!
The hobgoblin misses you. The frilled lizard bites you.
You closely miss the hobgoblin. The hobgoblin hits you.
The frilled lizard closely misses you.
You hit the hobgoblin.
The hobgoblin is almost dead.
The hobgoblin closely misses you. The frilled lizard barely misses you.
You hit the hobgoblin but do no damage.
The hobgoblin is almost dead.
The hobgoblin barely misses you. The frilled lizard bites you.
You hit the hobgoblin.
You kill the hobgoblin!
The frilled lizard bites you.
You barely miss the frilled lizard. The frilled lizard barely misses you.
You closely miss the frilled lizard. The frilled lizard closely misses you.
You hit the frilled lizard but do no damage.
Your tail-slap misses the frilled lizard.
You hit the frilled lizard.
You kill the frilled lizard!
Found 5 stones.
The gnoll hits you from afar with a +0 spear.
The gnoll misses you.
You see here 8 gold pieces.
You hit the gnoll but do no damage. The gnoll hits you with a +0 spear.
You closely miss the gnoll. The gnoll hits you with a +0 spear!
* * * LOW HITPOINT WARNING * * *
You hit the gnoll.
The gnoll is moderately wounded.
The gnoll hits you with a +0 spear.
* * * LOW HITPOINT WARNING * * *
It was a potion of berserk rage.
A red film seems to cover your vision as you go berserk!
You feel yourself moving faster!
You feel mighty! The gnoll misses you.
You hit the gnoll.
The gnoll is severely wounded.
The gnoll hits you with a +0 spear.
You die...

###........##.
##................
#.................
##.................
#..................
#..................
#......†<..........
.......†...........
.....##....@g.#.
...................
.................##
...................
..(.........>....#.
..................
..................
#.................


You could see a gnoll.

Vanquished Creatures
  2 gnolls (D:1)
  4 ball pythons
  3 endoplasms (D:1)
  A giant cockroach (D:1)
  3 goblins (D:1)
  4 hobgoblins
  A quokka (D:1)
  2 frilled lizards
  4 kobolds (D:1)
  3 rats (D:1)
27 creatures vanquished.

Notes
Turn   | Place    | Note
-------+----------+-------------------------------------------
     0 | D:1      | fozzywoppz the Demonspawn Monk began the quest for the Orb.
     0 | D:1      | Reached XP level 1. HP: 18/18 MP: 1/1
   354 | D:1      | Gained mutation: You have a small tail. [demonic ancestry]
   354 | D:1      | Reached XP level 2. HP: 24/24 MP: 2/2
   979 | D:1      | HP: 1/24 [gnoll/+0 whip (8)]
   997 | D:1      | Gained mutation: You have an unusually large brain. (Int
                  | +2) [demonic ancestry]
   997 | D:1      | Reached XP level 3. HP: 12/29 MP: 3/3
  1104 | D:2      | HP: 1/29 [gnoll/+0 spear (4)]
  1106 | D:2      | Slain by a gnoll

Illustrated notes

Levels and vault maps discovered:
D:1:      dpeg_arrival_central, layout_loops_corners, chequers_mini_garden
D:2:      minmay_general_purpose_star, layout_rooms

Skill      XL: |  1  2 |
---------------+-------+-----
Stealth        | 2 |  2.0
Unarmed Combat | 3 |  3.2
Dodging        | 3 |  3.2
Fighting       | |  3.4

Action                   || total
-------------------------++-------
Melee: Unarmed           ||    90
       Tailslap          ||    10
  Use: Potion            ||     2
 Stab: Sleeping          ||     3
Armor: Leather armour    ||     9
Dodge: Dodged            ||    60

Table legend: (Time is in decaauts)
 A = Elapsed time spent in this place.
 B = Non-inter-level travel time spent in this place.
 C = Inter-level travel time spent in this place.
 D = Time resting spent in this place.
 E = Time spent auto-exploring this place.
 F = Levels seen in this place.
 G = Mean time per level.
                   A        B        C        D        E       F      G
               +--------+--------+--------+--------+--------+-----+--------+
         Total |   1102 |   1068 |     34 |      0 |    825 |   2 |  551.0 |
       Dungeon |   1102 |   1068 |     34 |      0 |    825 |   2 |  551.0 |
               +--------+--------+--------+--------+--------+-----+--------+

Top non-repeatable levels by time:
     D:1: 1079 daAuts
     D:2: 22 daAuts
